 Dungeon Crawl Stone Soup version 0.30.0-13-g156ef70053 (webtiles) character file.

Game seed: 4289322539260767349

564109 ebarrett the Hoplite (level 27, -5/190 (264) HPs)
             Began as a Formicid Ice Elementalist on May 17, 2023.
             Was a High Priest of Dithmenos.
             Killed from afar by a Killer Klown (7 damage)
             ... with a klown pie
             ... on level 5 of the Realm of Zot on May 18, 2023.
             The game lasted 08:32:10 (78430 turns).

ebarrett the Hoplite (Formicid Ice Elementalist)   Turns: 78430, Time: 08:32:11

HP:   -5/190 (264)  AC: 30    Str: 15    XL:     27
MP:   6/31          EV: 27    Int: 19    God:    Dithmenos [*****.]
Gold: 3581          SH: 28    Dex: 31    Spells: 9/33 levels left

rFire   + . .        a - +9 longbow (flame)
rCold   + + .        p - +2 kite shield {AC+3}
rNeg    + + +        u - quicksilver dragon scales
rPois   ∞            (helmet unavailable)
rElec   +            n - +1 cloak of Honesty {rElec rPois rCorr Slay+3}
rCorr   +            y - +2 pair of gloves {Dex+3}
SInv    +            b - +2 pair of boots
Will    ∞            v - amulet "Paus" {Reflect rPois rC+ SH+5}
Stlth   +++++        g - +6 ring of dexterity
HPRegen 0.51/turn    H - ring "Ucwyery" {*Corrode rElec rF+ rN++ Dex+2}
MPRegen 0.22/turn

%: corrode self (3%), reflection
@: shadow-form (expiring), silenced, wreathed by umbra, studying 2 skills, very
heavily drained, invisible (expiring)
A: shadow resist, half damage, bleed smoke, invisible, permanent stasis, dig
shafts and tunnels, antennae 3, four strong arms, cold resistance 1, low MP 1,
strong-willed 1, robust 1, screaming 1, weak 1, no potion heal 1
0: Orb of Zot
}: 4/15 runes: decaying, serpentine, slimy, abyssal
a: Dig, Shaft Self, End Transformation, Renounce Religion


You were on level 5 of the Realm of Zot.
You worshipped Dithmenos.
Dithmenos was extremely pleased with you.
You were a swirling mass of dark shadows.
You visited 12 branches of the dungeon, and saw 53 of its levels.
You visited the Abyss 1 time.
You also visited: Trove.

You collected 6897 gold pieces.
You spent 3316 gold pieces at shops.

Inventory:

Hand Weapons
 a - a +9 longbow of flaming (weapon)
Missiles
 c - 6 throwing nets
 E - 2 curare-tipped darts
Armour
 b - a +2 pair of boots (worn)
 n - the +1 cloak of Honesty (worn) {rElec rPois rCorr Slay+3}
   (You found it on level 3 of the Elven Halls)

   Slay:      It affects your accuracy & damage with ranged weapons and melee
   (+3).
   rElec:     It insulates you from electricity.
   rPois:     It protects you from poison.
   rCorr:     It protects you from acid and corrosion.
 p - a +2 kite shield of protection (worn)
 u - quicksilver dragon scales (worn)
 y - a +2 pair of gloves of dexterity (worn)
 U - the +1 pair of gloves of Morality {Will+ Stlth+}
   (You found it on level 3 of the Elven Halls)

   Will:      It increases your willpower.
   Stlth:     It makes you more stealthy.
Jewellery
 g - a +6 ring of dexterity (left hand)
 j - the ring "Vicam" {rC+ rN+}
   (You found it in a treasure trove)

   [ring of protection from cold]

   rC:        It protects you from cold.
   rN:        It protects you from negative energy.
 l - the ring of Ceal {rN++ rCorr Int+6}
   (You found it on level 1 of the Depths)

   [ring of intelligence]

   Int:       It affects your intelligence (+6).
   rN:        It greatly protects you from negative energy.
   rCorr:     It protects you from acid and corrosion.
 v - the amulet "Paus" (around neck) {Reflect rPois rC+ SH+5}
   (You found it in a treasure trove)

   [amulet of reflection]

   It reflects blocked missile attacks.
   rC:        It protects you from cold.
   rPois:     It protects you from poison.
   SH:        It affects your SH (+5).
 z - the ring "Riyr" {MP+9 Str+2 Slay+4}
   (You found it in a treasure trove)

   [ring of slaying]

   Str:       It affects your strength (+2).
   Slay:      It affects your accuracy & damage with ranged weapons and melee
   (+4).
   MP:        It affects your magic capacity (+9).
 H - the ring "Ucwyery" (right hand) {*Corrode rElec rF+ rN++ Dex+2}
   (You bought it in a shop on level 2 of the Depths)

   [ring of protection from fire]

   Dex:       It affects your dexterity (+2).
   rF:        It protects you from fire.
   rElec:     It insulates you from electricity.
   rN:        It greatly protects you from negative energy.
   *Corrode:  It may corrode you when you take damage.
 N - the ring of the City {Fly rN+ Slay+3}
   (You found it in a treasure trove)

   [ring of flight]

   Slay:      It affects your accuracy & damage with ranged weapons and melee
   (+3).
   rN:        It protects you from negative energy.
   Fly:       It grants you flight.
 R - the ring of Abaobain {Will+ EV+5}
   (You found it on level 5 of the Pits of Slime)

   [ring of evasion]

   EV:        It affects your evasion (+5).
   Will:      It increases your willpower.
 Y - the ring "Labbyd" {Will+ Str+9 Dex+2}
   (You found it in a treasure trove)

   [ring of willpower]

   Str:       It affects your strength (+9).
   Dex:       It affects your dexterity (+2).
   Will:      It increases your willpower.
Wands
 x - a wand of roots (22)
 B - a wand of quicksilver (12)
 I - a wand of polymorph (34)
 J - a wand of paralysis (28)
 O - a wand of digging (17)
 Q - a wand of mindburst (3)
Scrolls
 i - 5 scrolls of immolation
 m - 4 scrolls of enchant armour
 q - 5 scrolls of amnesia
 A - a scroll of magic mapping
 C - a scroll of poison
 F - 11 scrolls of vulnerability
 G - 5 scrolls of silence
 P - a scroll of enchant weapon
 Z - a scroll of fear
Potions
 f - 3 potions of mutation
 o - 7 potions of flight
 r - 15 potions of curing
 s - 8 potions of attraction
 t - 3 potions of cancellation
 w - 2 potions of magic
 D - 5 potions of ambrosia
 M - 9 potions of brilliance
 S - 8 potions of might
Miscellaneous
 L - a phantom mirror (inert)
 T - a lightning rod (4/4)
 W - a phial of floods
 X - a tin of tremorstones (2/2)


   Skills:
 - Level 24.5 Fighting
 - Level 18.0 Ranged Weapons
 - Level 18.5 Armour
 - Level 15.8 Dodging
 - Level 11.0 Stealth
 - Level 25.1 Shields
 - Level 3.5 Spellcasting
 - Level 11.4 Hexes
 - Level 1.9 Translocations
 - Level 7.3 Ice Magic
 - Level 3.0 Earth Magic
 * Level 16.5 Invocations
 - Level 10.6 Evocations


You had 9 spell levels left.
You knew the following spells:

 Your Spells              Type           Power      Damage    Failure   Level
a - Ozocubu's Armour      Ice            7%         N/A       3%          3
d - Tukima's Dance        Hex            11%        N/A       1%          3
f - Portal Projectile     Hex/Tloc       14%        N/A       4%          3
w - Frozen Ramparts       Ice            14%        1d3       3%          3
z - Freeze                Ice            28%        1d5       1%          1
A - Apportation           Tloc           4%         N/A       11%         1
E - Passwall              Tmut/Erth      1%         N/A       19%         2
F - Cause Fear            Hex            5%         N/A       2%          4
W - Leda's Liquefaction   Hex/Erth       3%         N/A       12%         4

Your spell library contained the following spells:

 Spells                   Type           Power      Damage    Failure   Level
 Ensorcelled Hibernation  Hex/Ice        18%        N/A       1%          2
 Sandblast                Erth           6%         2d5       7%          1
 Summon Guardian Golem    Hex/Summ       6%         N/A       7%          3
 Lesser Beckoning         Tloc           4%         N/A       16%         2
 Hailstorm                Conj/Ice       4%         3d4       16%         3
 Anguish                  Hex/Necr       3%         N/A       22%         4
 Fulminant Prism          Conj/Hex       3%         3d5       22%         4
 Magic Dart               Conj           0%         1d3       24%         1
 Necrotise                Necr           0%         1d4       24%         1
 Sting                    Tmut/Pois      0%         1d3       24%         1
 Summon Small Mammal      Summ           0%         N/A       24%         1
 Momentum Strike          Conj/Tloc      2%         3d8       24%         2
 Gell's Gravitas          Tloc           2%         N/A       32%         3
 Teleport Other           Tloc           2%         N/A       32%         3
 Call Imp                 Summ           0%         N/A       34%         2
 Cigotuvi's Dreadful Rot  Necr/Pois/Air  0%         N/A       34%         2
 Poisonous Vapours        Pois/Air       0%         N/A       34%         2
 Searing Ray              Conj           0%         2d4       34%         2
 Sublimation of Blood     Necr           0%         N/A       34%         2
 Stone Arrow              Conj/Erth      4%         3d7       36%         3
 Ice Form                 Ice/Tmut       4%         N/A       45%         4
 Summon Ice Beast         Ice/Summ       4%         N/A       45%         4
 Summon Mana Viper        Hex/Summ       6%         N/A       52%         5
 Call Canine Familiar     Summ           0%         N/A       56%         3
 Ignite Poison            Fire/Tmut/Pois 0%         N/A       56%         3
 Mephitic Cloud           Conj/Pois/Air  0%         N/A       56%         3
 Spider Form              Tmut/Pois      0%         N/A       56%         3
 Animate Armour           Summ/Erth      4%         N/A       77%         4
 Petrify                  Tmut/Erth      2%         N/A       77%         4
 Lee's Rapid Deconstruct  Erth           1%         3d4*      88%         5
 Animate Dead             Necr           0%         N/A       93%         4
 Flame Wave               Conj/Fire      0%         2d4       93%         4
 Olgreb's Toxic Radiance  Pois           0%         N/A       93%         4
 Sticky Flame             Conj/Fire      0%         2d3       93%         4
 Borgnjor's Vile Clutch   Necr/Erth      1%         N/A       98%         5
 Alistair's Intoxication  Tmut/Pois      0%         N/A       100%        5
 Blade Hands              Tmut           0%         N/A       100%        5
 Fireball                 Conj/Fire      0%         3d3       100%        5
 Irradiate                Conj/Tmut      0%         3d11      100%        5
 Iskenderun's Battlesphe  Conj           0%         2d6       100%        5
 Conjure Ball Lightning   Conj/Air       0%         3x3d6     100%        6
 Dispersal                Tloc           1%         N/A       100%        6
 Eringya's Noxious Bog    Tmut/Pois      0%         N/A       100%        6
 Iron Shot                Conj/Erth      1%         9d1       100%        6
 Statue Form              Tmut/Erth      1%         N/A       100%        6
 Dragon Form              Tmut           0%         N/A       100%        7
 Haunt                    Necr/Summ      0%         N/A       100%        7
 Monstrous Menagerie      Summ           0%         N/A       100%        7
 Orb of Destruction       Conj           0%         9d5       100%        7
 Ozocubu's Refrigeration  Ice            3%         4d8       100%        7
 Spellforged Servitor     Conj/Summ      0%         N/A       100%        7
 Discord                  Hex            5%         N/A       100%        8
 Ignition                 Fire           0%         3d3       100%        8
 Infestation              Necr           0%         N/A       100%        8
 Dragon's Call            Summ           0%         N/A       100%        9
 Shatter                  Erth           1%         3d6*      100%        9
 Blink                    Tloc           Unusable   N/A       N/A         2
 Swiftness                Air            Unusable   N/A       N/A         3

Dungeon Overview and Level Annotations

Branches:
Dungeon (15/15)            Temple (0/1) D:6            Lair (5/5) D:11
  Swamp (4/4) Lair:2        Snake (4/4) Lair:2        Slime (5/5) Lair:5
    Orc (2/2) D:11            Elf (3/3) Orc:2        Vaults (4/5) D:13
  Crypt (1/3) Vaults:2     Depths (4/4) D:15           Hell (visited)
    Zot (5/5) Depths:4
    Dis: Hell:1         Geh: Hell:1         Coc: Hell:1         Tar: Hell:1

Altars:
Cheibriados
Dithmenos
Elyvilon
Fedhas
Gozag
Kikubaaqudgha
Makhleb
Qazlal
Ru
Sif Muna
Trog
Uskayaw
Vehumet
Wu Jian
Xom
Yredelemnul
Zin
The Shining One
Jiyva

Shops:
D:2 *:**   Orc:2 ![*:   Elf:1 [:*[*   Snake:3 *   Vaults:1 *   Vaults:4 *
Depths:2 =:=

Portals:
Hell: Depths:1 Depths:2 Depths:3 Depths:4
Abyss: Depths:1 Depths:2 Depths:3 Depths:4
Pandemonium: Orc:2 Depths:2
Ziggurat: Depths:3

Annotations:
Swamp:2 1 runed translucent door, Dordric's ghost, journeyman BaMo
Swamp:3 exclusion: downstairs
Elf:1 4 runed translucent doors
Vaults:1 2 transporters, exclusion: door, hyperkahler's ghost, veteran MiFi
Vaults:2 exclusion: downstairs
Vaults:3 3 runed translucent doors, exclusion: door, eruonna's ghost, veteran HOBe
Depths:1 1 runed translucent door, Caat Rau's ghost, adept DgCj
Depths:2 2 runed translucent doors
Hell Geryon
Zot:2 exclusion: downstairs
Zot:3 Tiamat


Innate Abilities, Weirdness & Mutations

You are a swirling mass of dark shadows.
You are immune to unholy torment and to willpower attacks.
Damage taken is halved, but you are drained when taking damage.
Your attacks are insubstantial and do half damage.
You bleed smoke when taking damage.
You are invisible.
You are immune to poison.
Your spellcasting is less reliable in this form.
You cannot be hasted, slowed, berserked, paralysed or teleported.
You can dig through walls and to a lower floor.
You have a pair of large antennae on your head. (SInv)
Your four strong arms can wield two-handed weapons with a shield.
Your flesh is cold resistant. (rC+)
Your magical capacity is low. (-10% MP)
You are strong-willed. (Will+)
You are robust. (+10% HP)
You occasionally shout uncontrollably at your foes.
You are weak. (Str -2)
Potions are less effective at restoring your health.


Message History

A Zeqaurhe, a lich and a chaos spawn come into view.
You yell at Zeqaurhe!
Okay, then.
The Killer Klown looks more healthy.
The orb of fire glows red.
The bolt of fire hits you!! You resist.
* * * LOW HITPOINT WARNING * * *
You emit a cloud of dark smoke.
You feel drained.
The Killer Klown blinks!
You see here a +12 club of flaming.
Your system partially rejects the healing.
You feel better.
The orb of fire glows deep purple.
Strange energies course through your body.
You feel less energetic.
Your system partially rejects the healing.
You feel better.
The orb of fire glows yellow.
The fireball explodes!
The fireball engulfs you!! You resist.
* * * LOW HITPOINT WARNING * * *
You emit a cloud of dark smoke.
You feel drained.
The fireball engulfs the orb of fire.
The orb of fire completely resists.
Your system partially rejects the healing.
You feel better.
Your transformation is almost over.
The orb of fire glows deep purple.
The bolt of fire hits you! You resist.
* * * LOW HITPOINT WARNING * * *
You emit a cloud of dark smoke.
You feel drained.
The orb of fire glows deep purple.
The bolt of fire hits you!! You resist.
* * * LOW HITPOINT WARNING * * *
You emit a cloud of dark smoke.
You feel drained. You block the Killer Klown's attack.
The golden dragon attacks as you move away!
The golden dragon misses you.
The golden dragon completely misses you.
You block the golden dragon's attack. The Killer Klown pies you viciously!
The klown pie hits you!
Blueberry!
An unnatural silence engulfs you.
You die...

......## *,,,,,,,,,,,,,,,,,,,,*
......# #...............^..,,*
......## #.(.................,*
^......# #..........^...=....,*
.......## #...............?...,*
........###....).^............,*
######...###..§§§§§)..........**
##....##.§§§pD§.........#*
###......§W*§..L&.^...#*
#▓▓▓▓▓▓▓▓▓▓▓##....^▓▓
▓▓▓▓§§..{§D§{[.....▓*
##▓.§§§§§§§§§p{.......▓*
##...§§§§§°§§.§.........** ▓▓▓▓▓
#....§§§§§..§§.§..4.....,*
....▓▓▓^.....{.....§§.L.......,*
.....▓▓.....§.........&.......**
...§§.▓......................▓*


You could see an orb of fire (unsilenced), a Killer Klown (unsilenced) and a
golden dragon.

Vanquished Creatures
  the Royal Jelly (Slime:5)
  3 orbs of fire
  4 Killer Klowns
  Saint Roka (Snake:4)
  Margery (Vaults:3)
  A curse toe (Zot:5)
  6 golden dragons
  10 tentacled monstrosities
  Rupert (D:12)
  An electric golem (Zot:5)
  Jorgrun (Elf:2)
  A walking crystal tome (Depths:3)
  6 liches
  Mlioglotl (Swamp:1)
  A walking earthen tome (Depths:3)
  A titan (Depths:2)
  2 deep elf master archers (Elf:3)
  2 deep elf blademasters (Elf:3)
  19 Orb Guardians (Zot:5)
  5 death cobs
  A sphinx (Depths:3)
  10 acid blobs
  An Executioner (Abyss:3)
  A tentacled starspawn (Abyss:3)
  5 quicksilver dragons
  2 thorn hunters
  3 tengu reavers
  3 shadow dragons
  5 storm dragons
  A revenant (Vaults:2)
  Kirke (Swamp:1)
  A draconian monk (Zot:1)
  11 rockslimes
  A fenstrider witch (Swamp:4)
  Roxanne (Elf:3)
  13 azure jellies
  An azure jelly (shapeshifter) (Depths:3)
  7 fire giants
  11 nagarajas
  5 frost giants
  8 vault wardens
  6 draconian knights
  An iron dragon (Depths:3)
  Louise (Depths:1)
  A frost giant (shapeshifter) (Depths:3)
  7 deep elf sorcerers
  2 ghost moths
  4 deep elf elementalists (Elf:3)
  2 draconian scorchers
  A reaper (Hell)
  2 draconian annihilators
  5 draconian shifters
  A spriggan defender (Depths:4)
  14 ironbound preservers
  13 stone giants
  16 quicksilver oozes
  5 ironbound thunderhulks
  5 vampire knights
  20 very ugly things
  2 grey draconians (Depths:4)
  9 eleionomae
  6 green draconians
  5 red draconians
  6 deep elf demonologists
  6 black draconians
  A starcursed mass (Abyss:3)
  Azrael (Orc:2)
  7 dire elephants
  4 deep elf annihilators (Elf:3)
  5 spark wasps
  3 yellow draconians
  5 purple draconians
  8 white draconians
  A lorocyproca (Depths:2)
  6 bunyips
  6 ettins
  5 deep elf death magi
  9 yaktaur captains
  9 fire dragons
  A shambling mangrove (Swamp:3)
  3 merfolk impalers
  3 deep elf high priests
  22 hydras
  5 ice dragons
  A spriggan zombie (Depths:1)
  11 great orbs of eyes
  Erolcha (Orc:2)
  Fannar (Lair:1)
  7 salamander tyrants
  10 vault guards
  11 ironbound frosthearts
  3 rakshasas (Depths:1)
  9 spriggan air magi
  A peacekeeper (Vaults:4)
  4 ogre magi
  5 catoblepae
  15 centaur warriors
  A demonspawn (Orc:2)
  9 alligators
  12 anacondas
  An anaconda (shapeshifter) (Depths:3)
  3 boulder beetles
  A death knight (D:11)
  9 two-headed ogres
  13 death yaks
  21 dancing weapons
  11 tengu warriors
  3 deep troll shamans
  13 naga sharpshooters
  20 naga warriors
  2 vampire magi
  4 orc high priests
  10 shock serpents
  2 deep troll earth magi
  13 hell knights
  Urug (D:13)
  3 soul eaters (Depths:1)
  8 spriggan berserkers
  10 deep elf knights
  2 wretched stars (Abyss:3)
  4 skysharks
  2 sixfirhies (Abyss:3)
  A golden dragon zombie (Depths:1)
  2 sun demons (Depths:1)
  4 iron trolls
  3 flayed ghosts
  A sea snake (Vaults:1)
  40 deep trolls
  11 salamander mystics
  A death drake (Vaults:1)
  3 spriggan druids
  3 goliath frogs
  A spark wasp zombie (Depths:1)
  4 glowing orange brains
  12 swamp dragons
  5 bog bodies
  A swamp dragon (shapeshifter) (Depths:3)
  12 lindwurms
  19 harpies
  3 phantasmal warriors
  8 orc knights
  An obsidian statue (Depths:3)
  17 deep elf archers
  27 deep elf pyromancers
  10 naga ritualists
  5 large abominations (Abyss:3)
  Pikel (D:7)
  11 orc sorcerers
  2 necromancers
  45 ugly things
  11 wizards
  35 deep elf zephyrmancers
  12 mana vipers
  5 shining eyes
  A cyclops (shapeshifter) (Depths:3)
  14 ironbound convokers
  An iron dragon zombie (Depths:1)
  An oklob plant (Lair:4)
  3 cyclopes
  28 salamanders
  5 manticores
  A will-o-the-wisp (Swamp:2)
  A mana viper (shapeshifter) (Vaults:3)
  A shining eye (shapeshifter) (Depths:3)
  A manticore (shapeshifter) (Depths:3)
  2 fire giant zombies (Depths:1)
  A worldbinder (Abyss:3)
  5 elephants
  An elephant (shapeshifter) (Depths:3)
  49 black mambas
  A human skeleton (Vaults:3)
  12 vault sentinels
  9 cane toads
  A centaur zombie (D:11)
  A smoke demon (Abyss:3)
  13 moths of wrath
  3 orange demons
  2 centaur skeletons (D:11)
  27 naga magi
  2 guardian serpents
  An eye of devastation (Slime:4)
  A yaktaur zombie (Vaults:3)
  7 komodo dragons
  5 unseen horrors
  3 gargoyles
  33 yaktaurs
  A rime drake (Lair:4)
  3 efreet
  2 freezing wraiths (Crypt:1)
  4 kobold demonologists
  4 tengu conjurers
  3 ancient zymes (Abyss:3)
  3 ice devils
  A queen bee (D:11)
  A polar bear (shapeshifter) (Depths:3)
  4 meliai
  A red devil (Orc:2)
  9 trolls
  2 bloated husks
  12 tyrant leeches
  A merfolk (shapeshifter) (Depths:3)
  A wind drake (shapeshifter) (Depths:3)
  A polar bear (Lair:5)
  A troll (shapeshifter) (D:13)
  2 tarantellas (Vaults:1)
  13 hornets
  17 blink frogs
  A meliai zombie (D:11)
  8 dream sheep
  A spectral meliai (D:11)
  An elf zombie (Vaults:3)
  3 jumping spiders (shapeshifter)
  85 slime creatures
  A slime creature (shapeshifter) (Depths:3)
  12 spriggans
  A yak (shapeshifter) (Depths:3)
  A wraith (Vaults:2)
  2 centaur simulacra
  A hog (shapeshifter) (Elf:2)
  7 wyverns
  3 basilisks
  13 water elementals
  A human (shapeshifter) (D:13)
  4 fire bats (Lair:2)
  3 golden eyes (Slime:5)
  Eustachio (D:5)
  5 vampire mosquitoes
  Grum (D:10)
  A steam dragon (Lair:3)
  8 fire elementals
  3 redbacks (Vaults:1)
  52 yaks
  Menkaure (D:7)
  12 wargs
  48 nagas
  8 swamp worms
  4 acid dragons
  13 water moccasins
  A hell hound (Orc:2)
  2 floating eyes (shapeshifter)
  2 floating eyes
  31 orc warriors
  A sky beast (D:6)
  7 swamp drakes (Swamp:4)
  An ice beast (D:6)
  A black bear (shapeshifter) (Depths:3)
  4 black bears
  A boggart (shapeshifter) (Depths:3)
  15 wolves
  5 boggarts (Vaults:2)
  7 centaurs
  9 ogres
  A phantom (D:6)
  12 bullfrogs
  7 kobold brigands
  2 earth elementals
  4 scorpions
  4 gnoll sergeants
  4 wights (D:8)
  51 killer bees
  11 howler monkeys
  8 electric eels
  A quasit (Abyss:3)
  32 orc priests
  3 hounds
  An iron imp (Abyss:3)
  A sleepcap (D:5)
  2 iguanas
  18 orc wizards
  3 small abominations (Abyss:3)
  21 gnolls
  5 adders
  A white imp (D:6)
  2 ufetubi
  3 worms
  A dart slug (D:4)
  58 orcs
  12 ball pythons
  6 bats
  7 endoplasms
  5 giant cockroaches
  5 goblins
  10 hobgoblins
  A jackal (D:4)
  3 quokkas
  2 frilled lizards
  A giant cockroach zombie (Crypt:1)
  14 kobolds
  5 rats
  A butterfly (D:6)
2019 creatures vanquished.

Vanquished Creatures (collateral kills)
  the Lernaean hydra (Swamp:4)
  A bunyip (Swamp:4)
  A hydra (Swamp:4)
  4 wights (D:8)
7 creatures vanquished.

Vanquished Creatures (others)
  A quicksilver dragon (Zot:5)
  An ice devil (Hell)
  A water elemental (Depths:2)
  3 humans (Swamp:1)
  10 dancing weapons
  A naga (Snake:3)
  A creeping inferno (Hell)
  2 foxfires (Swamp:2)
  2 starspawn tentacles (Abyss:3)
22 creatures vanquished.

Grand Total: 2048 creatures vanquished

Notes
Turn   | Place    | Note
-------+----------+-------------------------------------------
     0 | D:1      | ebarrett the Formicid Ice Elementalist began the quest for
                  | the Orb.
     0 | D:1      | Reached XP level 1. HP: 13/13 MP: 3/3
   139 | D:1      | Found a faded altar of an unknown god.
   304 | D:1      | Reached XP level 2. HP: 19/19 MP: 0/5
  1151 | D:2      | Found Fitom's General Store.
  1167 | D:2      | Reached skill level 5 in Ice Magic
  1167 | D:2      | Reached XP level 3. HP: 15/24 MP: 0/6
  1263 | D:2      | Learned a level 3 spell: Frozen Ramparts
  1354 | D:2      | Found Suuc's General Store.
  1358 | D:2      | Bought a potion of degeneration for 14 gold pieces
  1526 | D:2      | Found Houwyak's Book Shop.
  1665 | D:2      | Found Duemmah's Assorted Antiques.
  1683 | D:2      | Bought a scroll labelled SADDIV NICIHEU for 28 gold pieces
  1683 | D:2      | Bought a scroll labelled GUIFEE GOICALO for 28 gold pieces
  2054 | D:3      | Reached XP level 4. HP: 29/30 MP: 1/7
  2461 | D:3      | Found a glowing silver altar of Zin.
  2556 | D:3      | Learned a level 3 spell: Ozocubu's Armour
  2568 | D:3      | Found a basalt altar of Yredelemnul.
  2697 | D:3      | Found a shadowy altar of Dithmenos.
  2698 | D:3      | Found a glowing golden altar of the Shining One.
  3281 | D:4      | Found a bloodstained altar of Trog.
  3302 | D:3      | Became a worshipper of Dithmenos the Shadowed
  3315 | D:4      | Noticed a scorpion
  3323 | D:4      | Killed a scorpion
  3324 | D:4      | Reached XP level 5. HP: 35/35 MP: 2/9
  3522 | D:4      | Noticed a black bear
  3809 | D:4      | Found a blossoming altar of Fedhas.
  3809 | D:4      | Found a shimmering altar of Xom.
  3983 | D:4      | Reached XP level 6. HP: 38/41 MP: 5/10
  4075 | D:4      | Noticed an ogre
  4157 | D:4      | Reached skill level 1 in Fighting
  4252 | D:4      | Found a burning altar of Makhleb.
  4329 | D:4      | Killed a black bear
  4383 | D:4      | Killed an ogre
  4384 | D:4      | Reached XP level 7. HP: 49/49 MP: 7/11
  4871 | D:5      | Entered Level 5 of the Dungeon
  4871 | D:5      | You fall into a shaft and drop 2 floors!
  4918 | D:7      | Noticed a water moccasin
  4947 | D:7      | Killed a water moccasin
  5117 | D:5      | Noticed Eustachio
  5127 | D:5      | Killed Eustachio
  5128 | D:5      | Reached skill level 5 in Stealth
  5128 | D:5      | Reached XP level 8. HP: 60/60 MP: 5/12
  5372 | D:5      | Reached * piety under Dithmenos
  5975 | D:5      | Reached skill level 1 in Evocations
  6051 | D:5      | Learned a level 3 spell: Tukima's Dance
  6114 | D:6      | Reached skill level 5 in Fighting
  6114 | D:6      | Reached skill level 1 in Hexes
  6262 | D:6      | Found a staircase to the Ecumenical Temple.
  6456 | D:6      | Reached XP level 9. HP: 69/69 MP: 8/13
  6511 | D:6      | Found a white marble altar of Elyvilon.
  6577 | D:6      | Found an opulent altar of Gozag.
  6687 | D:6      | Found an ornate altar of the Wu Jian Council.
  6807 | D:7      | Found a stormy altar of Qazlal.
  7009 | D:7      | Noticed Menkaure
  7278 | D:7      | Found a snail-covered altar of Cheibriados.
  7367 | D:7      | Noticed Pikel
  7392 | D:7      | Killed Pikel
  7393 | D:7      | Reached skill level 5 in Hexes
  7856 | D:7      | Killed Menkaure
  8089 | D:8      | Reached skill level 1 in Ranged Weapons
  8287 | D:8      | Reached XP level 10. HP: 77/77 MP: 8/14
  8543 | D:8      | Reached ** piety under Dithmenos
  8871 | D:8      | Reached skill level 5 in Ranged Weapons
  9271 | D:8      | Learned a level 1 spell: Apportation
  9275 | D:8      | Learned a level 3 spell: Portal Projectile
  9813 | D:9      | Reached skill level 1 in Translocations
  9934 | D:9      | Found a radiant altar of Vehumet.
 10498 | D:9      | Identified the +7 quarterstaff of Neurosis {freeze, rN++}
 10500 | D:9      | Reached *** piety under Dithmenos
 10653 | D:10     | Entered Level 10 of the Dungeon
 10657 | D:10     | Reached XP level 11. HP: 75/83 MP: 15/15
 10980 | D:10     | Noticed Grum
 10993 | D:10     | Killed Grum
 11038 | D:10     | Noticed a sun demon
 11321 | D:10     | Reached skill level 10 in Ranged Weapons
 11392 | D:10     | Found a sacrificial altar of Ru.
 11660 | D:10     | Noticed a two-headed ogre
 11666 | D:10     | Killed a two-headed ogre
 11667 | D:10     | Reached skill level 1 in Shields
 12182 | D:11     | Noticed a death knight
 12269 | D:10     | Reached skill level 2 in Shields
 12479 | D:10     | Reached skill level 1 in Armour
 12572 | D:11     | Found a staircase to the Lair.
 12834 | D:11     | Found a staircase to the Orcish Mines.
 12878 | D:11     | Reached **** piety under Dithmenos
 13431 | D:11     | Reached skill level 3 in Shields
 13580 | D:11     | Noticed a centaur warrior
 13603 | D:11     | Killed a centaur warrior
 14234 | D:10     | Reached XP level 12. HP: 70/89 MP: 1/16
 14342 | D:11     | Reached skill level 4 in Shields
 14536 | D:11     | Noticed a two-headed ogre
 14902 | D:11     | Noticed an ogre mage
 14907 | D:11     | Killed an ogre mage
 15063 | D:11     | Killed a two-headed ogre
 15210 | Lair:1   | Entered Level 1 of the Lair of Beasts
 15248 | Lair:1   | Noticed Fannar
 16060 | Lair:2   | Reached skill level 5 in Evocations
 16107 | Lair:2   | Reached ***** piety under Dithmenos
 16390 | Lair:2   | Reached XP level 13. HP: 75/96 MP: 4/17
 16557 | Lair:2   | Reached skill level 5 in Shields
 16722 | Lair:2   | Found a staircase to the Swamp.
 16730 | Lair:2   | Reached skill level 6 in Shields
 16772 | Lair:2   | Found a staircase to the Snake Pit.
 16943 | Lair:2   | Reached skill level 7 in Shields
 17381 | Lair:3   | Reached skill level 8 in Shields
 17629 | Lair:3   | Reached skill level 9 in Shields
 18149 | Lair:3   | Reached skill level 10 in Shields
 19660 | Lair:5   | Entered Level 5 of the Lair of Beasts
 20075 | Lair:5   | Reached skill level 15 in Ranged Weapons
 20418 | Lair:5   | Reached XP level 14. HP: 67/103 MP: 11/18
 20941 | Lair:5   | Found a viscous altar of Jiyva.
 21531 | Lair:5   | Found a staircase to the Slime Pits.
 21619 | Lair:5   | Reached skill level 11 in Shields
 21904 | Lair:5   | Reached skill level 10 in Fighting
 22074 | Lair:5   | Reached skill level 5 in Armour
 23412 | Lair:1   | Killed Fannar
 24034 | D:11     | Reached skill level 12 in Shields
 24261 | D:11     | Reached XP level 15. HP: 115/117 MP: 10/19
 24294 | D:11     | finally
 24679 | D:11     | Identified the +3 helmet "Ucvicwaw" {-Tele rC++ rCorr
                  | Stlth+}
 24949 | D:12     | Noticed Rupert
 25141 | D:12     | Found a portal to a secret trove of treasure.
 25151 | Trove    | Entered a treasure trove
 25153 | Trove    | Identified the ring "Labbyd" {Will+ Str+9 Dex+2}
 25157 | Trove    | Identified the ring "Tietyacrico" {Str+6 Int+2}
 25163 | Trove    | Identified the ring of the City {Fly rN+ Slay+3}
 25173 | Trove    | Identified the amulet "Paus" {Reflect rPois rC+ SH+5}
 25188 | Trove    | Identified the ring "Riyr" {MP+9 Str+2 Slay+4}
 25196 | Trove    | Identified the ring "Vicam" {rC+ rN+}
 25200 | Trove    | Identified the amulet "Maucke" {Spirit Will- rCorr Dex+3
                  | Stlth+}
 25201 | Trove    | Identified the ring of Xom's Favour {Contam rPois Will+
                  | Dex+3}
 25202 | Trove    | Identified the ring of the Ancients {rElec rCorr Int+5
                  | Dex+3}
 25334 | Orc:1    | Entered Level 1 of the Orcish Mines
 26207 | Orc:2    | Entered Level 2 of the Orcish Mines
 26207 | Orc:2    | Found a staircase to the Elven Halls.
 26425 | Orc:2    | Noticed Azrael
 26588 | D:12     | Found a hide-covered altar of Uskayaw.
 27035 | D:13     | Reached skill level 5 in Dodging
 27887 | D:14     | Found a shimmering blue altar of Sif Muna.
 28429 | D:15     | Entered Level 15 of the Dungeon
 28885 | D:15     | Found a staircase to the Depths.
 28885 | D:15     | Noticed a stone giant
 28954 | D:15     | Reached XP level 16. HP: 129/129 MP: 20/20
 29586 | Orc:2    | Killed Azrael
 29889 | Orc:2    | Noticed Erolcha
 29895 | Orc:2    | Killed Erolcha
 30513 | Orc:2    | Found Vauxzec's General Store.
 30514 | Orc:2    | Found Doujuj's Distillery.
 31261 | Orc:2    | Found Gyza's Antique Armour Shop.
 31261 | Orc:2    | Found Ziemaloa's Book Boutique.
 31261 | Orc:2    | Found a one-way gate leading to the halls of Pandemonium.
 31267 | Orc:2    | Reached skill level 13 in Shields
 31274 | Orc:2    | Learned a level 2 spell: Passwall
 31328 | Orc:2    | Bought a scroll of fear for 56 gold pieces
 32334 | Snake:1  | Entered Level 1 of the Snake Pit
 32646 | Snake:1  | Found a stormy altar of Qazlal.
 33870 | Snake:2  | Noticed a nagaraja
 33891 | Snake:2  | Killed a nagaraja
 33892 | Snake:2  | Reached XP level 17. HP: 64/132 MP: 22/22
 34639 | Snake:2  | Reached skill level 10 in Armour
 35694 | Snake:3  | Reached skill level 15 in Fighting
 37522 | Snake:3  | Reached skill level 5 in Invocations
 37546 | Snake:3  | Found Ottitupn's General Store.
 37674 | Snake:3  | Identified the +12 plate armour "Fomot" {+Blink rN++ Will-
                  | Slay+2}
 38224 | Snake:4  | Entered Level 4 of the Snake Pit
 38242 | Snake:4  | Reached XP level 18. HP: 128/149 MP: 23/23
 38243 | Snake:4  | Noticed Saint Roka
 39043 | Snake:4  | Found a shimmering altar of Xom.
 39810 | Snake:4  | Killed Saint Roka
 41178 | Snake:4  | Reached ****** piety under Dithmenos
 41184 | Snake:4  | Reached skill level 14 in Shields
 41527 | Snake:4  | Reached XP level 19. HP: 142/157 MP: 24/24
 41625 | Snake:4  | Reached skill level 15 in Shields
 41902 | Snake:4  | Got a serpentine rune of Zot
 42492 | Swamp:1  | Entered Level 1 of the Swamp
 42492 | Swamp:1  | Noticed Kirke
 42493 | Swamp:1  | hi
 42495 | Swamp:1  | not cool
 42499 | Swamp:1  | Killed Kirke
 42622 | Swamp:1  | Noticed Mlioglotl
 42642 | Swamp:1  | Killed Mlioglotl
 43387 | Orc:2    | Bought a book of the Dragon for 644 gold pieces
 43392 | Orc:2    | Learned a level 4 spell: Cause Fear
 43505 | Swamp:2  | Found a runed translucent door.
 43506 | Swamp:2  | Noticed Dordric's ghost (journeyman BaMo)
 43507 | Swamp:2  | Noticed a tentacled monstrosity
 43580 | Swamp:2  | Found an opulent altar of Gozag.
 43746 | Swamp:2  | Reached skill level 10 in Hexes
 44921 | Swamp:3  | Reached skill level 16 in Shields
 45294 | Swamp:4  | Entered Level 4 of the Swamp
 46145 | Swamp:4  | oh no
 46182 | Swamp:4  | Noticed the 27-headed Lernaean hydra
 46183 | Swamp:4  | Killed the 27-headed Lernaean hydra
 46184 | Swamp:4  | Reached skill level 10 in Dodging
 46184 | Swamp:4  | Reached XP level 20. HP: 168/168 MP: 25/25
 46444 | Swamp:4  | Got a decaying rune of Zot
 46611 | Swamp:4  | Reached skill level 17 in Shields
 46980 | Snake:3  | Bought a scroll of brand weapon for 104 gold pieces
 47147 | Elf:1    | Entered Level 1 of the Elven Halls
 47147 | Elf:1    | Found a runed translucent gate.
 47147 | Elf:1    | Found a runed translucent gate.
 47147 | Elf:1    | Found a runed translucent gate.
 47147 | Elf:1    | Found a runed translucent gate.
 47147 | Elf:1    | Found a runed translucent gate.
 47147 | Elf:1    | Found a runed translucent gate.
 47148 | Elf:1    | Found a runed translucent door.
 47205 | Elf:1    | Found Foyhuom's Book Shop.
 47384 | Elf:1    | Found a runed translucent door.
 47486 | Elf:1    | Found Rodijipa's Antique Armour Boutique.
 47628 | Elf:1    | Reached skill level 18 in Shields
 47751 | Elf:1    | Bought a pair of runed gloves for 180 gold pieces
 48000 | Elf:1    | Found Turunnam's General Store.
 48008 | Elf:1    | Bought a scroll of enchant weapon for 120 gold pieces
 48034 | Elf:1    | Found Turghilani's Assorted Antiques.
 48121 | Elf:1    | Bought a pair of slimy boots for 285 gold pieces
 48121 | Elf:1    | Identified the +0 pair of boots of Disaster {Fly Int+5 SInv
                  | Stlth-} (You bought it in a shop on level 1 of the Elven
                  | Halls)
 48123 | Elf:1    | Found Afuvvey's Armour Shop.
 48251 | Elf:1    | Identified the +0 robe of the Illusory Queens {Drain Str+8
                  | Dex-2 SInv}
 48737 | Elf:2    | Reached skill level 19 in Shields
 48891 | Elf:2    | Found a huge runed translucent gate.
 48891 | Elf:2    | Found a huge runed translucent gate.
 48891 | Elf:2    | Found a huge runed translucent gate.
 48892 | Elf:2    | Found a huge runed translucent gate.
 48914 | Elf:2    | Found a huge runed translucent gate.
 48915 | Elf:2    | Noticed Jorgrun
 49105 | Elf:2    | Reached XP level 21. HP: 176/176 MP: 26/26
 49528 | Elf:2    | Reached skill level 20 in Shields
 49783 | Elf:3    | Entered Level 3 of the Elven Halls
 49993 | Elf:3    | Noticed Roxanne
 50013 | Elf:3    | Killed Roxanne
 50030 | Elf:3    | Learned a level 4 spell: Leda's Liquefaction
 50085 | Elf:3    | Reached skill level 1 in Earth Magic
 51206 | Elf:3    | Identified the +3 trident of Winter {protect, Contam rN+++
                  | Str+9 Int-2}
 51206 | Elf:3    | Identified the amulet of Qoloc {RegenMP Harm Int+2}
 51541 | Elf:3    | Identified the +1 leather armour of Ignis's Fury {Will+
                  | Str+3 Dex+3}
 52002 | Elf:3    | Identified the +10 halberd of Bloodstone {drain, rPois rF+
                  | Str+2 Dex+2}
 52142 | Elf:3    | Found the +3 giant club "Skullcrusher" {speed, Str+7}
 52162 | Elf:3    | Identified the +1 cloak of Honesty {rElec rPois rCorr
                  | Slay+3}
 52271 | Elf:3    | Identified the +1 pair of gloves of Morality {Will+ Stlth+}
 52291 | Elf:3    | Identified the staff of death "Naulat" {rN+ Str+2 Stlth+}
 52629 | Elf:1    | Bought a manual of Shields for 1040 gold pieces
 52724 | D:12     | Killed Rupert
 52880 | D:13     | Noticed Urug
 52884 | D:13     | Killed Urug
 52899 | D:13     | Identified the +0 ring mail "Xoomoh" {rC+}
 52920 | D:13     | Found a gate to the Vaults.
 52995 | Vaults:1 | Entered Level 1 of the Vaults
 53127 | Vaults:1 | Reached skill level 21 in Shields
 53598 | Vaults:1 | Found Bagg's Assorted Antiques.
 53682 | Vaults:1 | Reached skill level 10 in Invocations
 53729 | Vaults:1 | Reached skill level 22 in Shields
 53959 | Vaults:1 | Found a transporter.
 53959 | Vaults:1 | Noticed hyperkahler's ghost (veteran MiFi)
 53960 | Vaults:1 | Found a transporter.
 53962 | Vaults:1 | Noticed a dread lich
 53964 | Vaults:1 | wew
 54086 | Vaults:1 | Reached XP level 22. HP: 184/184 MP: 29/29
 54139 | Vaults:1 | Got the Teachings on Venom
 54286 | Vaults:1 | Reached skill level 23 in Shields
 54751 | Vaults:2 | Found a staircase to the Crypt.
 54904 | Vaults:2 | Reached skill level 24 in Shields
 55152 | Vaults:2 | Identified the +6 dagger "Tychyasu" {flame, rElec Int+2
                  | Stlth+}
 56833 | Vaults:3 | Noticed a golden dragon
 56834 | Vaults:3 | wew
 57567 | Vaults:3 | Noticed Margery
 57689 | Vaults:3 | Killed Margery
 57849 | Vaults:3 | Found a runed translucent gate.
 57849 | Vaults:3 | Found a runed translucent gate.
 57849 | Vaults:3 | Found a runed translucent gate.
 57849 | Vaults:3 | Noticed eruonna's ghost (veteran HOBe)
 57914 | Vaults:3 | Reached XP level 23. HP: 194/194 MP: 32/32
 58275 | Vaults:3 | Killed a golden dragon
 58979 | Vaults:4 | Identified the +5 battleaxe "Xitt" {venom, rF++ Int+5
                  | Dex+2}
 59064 | Vaults:4 | Reached skill level 25 in Shields
 59490 | Vaults:4 | Found Cegoziez's Assorted Antiques.
 60668 | Depths:1 | Entered Level 1 of the Depths
 60866 | Depths:1 | hm
 61071 | Depths:1 | Noticed Louise
 61082 | Depths:1 | Killed Louise
 61083 | Depths:1 | Found a one-way gate to the infinite horrors of the Abyss.
 61115 | Depths:1 | Found an ancient bone altar of Kikubaaqudgha.
 61119 | Depths:1 | Found a runed translucent door.
 61120 | Depths:1 | Noticed Caat Rau's ghost (adept DgCj)
 61266 | Depths:1 | Reached skill level 15 in Armour
 61606 | Depths:1 | Found a gateway to Hell.
 61735 | Depths:1 | Reached XP level 24. HP: 196/206 MP: 32/32
 61749 | Depths:1 | Identified the +0 cloak of the Sharp God {Int+4}
 61881 | Depths:1 | Identified the ring of Ceal {rN++ rCorr Int+6}
 61997 | Depths:1 | Found an ancient bone altar of Kikubaaqudgha.
 63574 | Depths:2 | Identified the +9 shortbow of Understanding {flame, rElec
                  | Int-3 Dex+9}
 63597 | Depths:2 | Found Pull's Jewellery Shop.
 63597 | Depths:2 | Found Duxaq's Book Shoppe.
 63598 | Depths:2 | Found Qomeyfaje's Jewellery Shop.
 63842 | Depths:2 | Found a runed translucent door.
 63886 | Depths:2 | Found a runed translucent door.
 64362 | Depths:3 | Found a one-way gateway to a ziggurat.
 64943 | Depths:3 | Noticed a golden dragon
 65718 | Depths:3 | Noticed a golden dragon
 65718 | Depths:3 | Noticed a golden dragon
 65734 | Depths:3 | Killed a golden dragon
 65741 | Depths:3 | Killed a golden dragon
 66069 | Depths:3 | Identified the +7 plate armour of the Solstice {Str+2}
 66076 | Depths:3 | Identified the +6 broad axe of Fedhas {freeze, Dex+3}
 66451 | Depths:3 | Reached XP level 25. HP: 187/213 MP: 33/33
 66809 | Depths:3 | Identified the +6 scimitar "Nuissega" {venom, rPois}
 67187 | Depths:4 | Entered Level 4 of the Depths
 69109 | Depths:4 | Found a gate to the Realm of Zot.
 69244 | Depths:2 | Bought the ring "Ucwyery" {*Corrode rElec rF+ rN++ Dex+2}
                  | for 817 gold pieces
 69476 | Slime:1  | Entered Level 1 of the Pits of Slime
 69791 | Slime:4  | Reached skill level 10 in Evocations
 70713 | Slime:5  | Entered Level 5 of the Pits of Slime
 71502 | Slime:5  | Reached XP level 26. HP: 224/224 MP: 33/33
 71520 | Slime:5  | Noticed the Royal Jelly
 71522 | Slime:5  | Found a viscous altar of Jiyva.
 71532 | Slime:5  | Found the +9 sword of Power {lifebolt}
 71545 | Slime:5  | Reached skill level 15 in Dodging
 71795 | Slime:5  | Found the sphere of Battle
 71818 | Slime:5  | Killed the Royal Jelly
 72203 | Slime:5  | Got the Folio of Terrain and Kindling
 72204 | Slime:5  | Identified the +4 dagger "Yrruuj" {elec, Will+ Int+3}
 72230 | Slime:5  | Identified the staff of cold "Sitzal" {rC+ Str+4 Int+3}
 72267 | Slime:5  | Identified the ring of Abaobain {Will+ EV+5}
 72313 | Slime:5  | Got a slimy rune of Zot
 72674 | Depths:1 | Voluntarily entered the Abyss.
 72730 | Abyss:2  | Found a corrupted altar of Lugonu.
 72785 | Abyss:3  | Found a corrupted altar of Lugonu.
 72936 | Abyss:3  | Found a corrupted altar of Lugonu.
 73042 | Abyss:3  | Found a corrupted altar of Lugonu.
 73046 | Abyss:3  | Got an abyssal rune of Zot
 73125 | Depths:1 | Escaped the Abyss
 73452 | Crypt:1  | Entered Level 1 of the Crypt
 73703 | Hell     | Entered the Vestibule of Hell
 73703 | Hell     | Noticed Geryon
 74140 | Elf:2    | Killed Jorgrun
 74451 | Zot:1    | Entered Level 1 of the Realm of Zot
 74783 | Zot:3    | Found the +4 dragonskin cloak
 74783 | Zot:3    | Noticed Tiamat
 74784 | Zot:3    | uh oh
 75073 | Zot:3    | Noticed a Killer Klown
 75091 | Zot:2    | Killed a Killer Klown
 75260 | Zot:2    | Reached skill level 10 in Stealth
 75925 | Zot:3    | Noticed an orb of fire
 75926 | Zot:3    | Gained mutation: Your magical capacity is low. (-10% MP)
                  | [an orb of fire]
 76130 | Zot:3    | Gained mutation: You are vulnerable to cold. (rC-) [an orb
                  | of fire]
 76139 | Zot:3    | Gained mutation: You are vulnerable to heat. (rF-) [an orb
                  | of fire]
 76159 | Zot:2    | Gained mutation: You are dopey. (Int -2) [an orb of fire]
 76160 | Zot:2    | Lost mutation: Your magical capacity is low. (-10% MP)
                  | [potion of mutation]
 76160 | Zot:2    | Lost mutation: You are vulnerable to cold. (rC-) [potion of
                  | mutation]
 76160 | Zot:2    | Lost mutation: You are vulnerable to heat. (rF-) [potion of
                  | mutation]
 76160 | Zot:2    | Lost mutation: You are dopey. (Int -2) [potion of mutation]
 76160 | Zot:2    | Gained mutation: You are vulnerable to cold. (rC-) [potion
                  | of mutation]
 76160 | Zot:2    | Gained mutation: Potions are less effective at restoring
                  | your health. [an orb of fire]
 76167 | Zot:2    | Lost mutation: You are vulnerable to cold. (rC-) [potion of
                  | mutation]
 76167 | Zot:2    | Lost mutation: Potions are less effective at restoring your
                  | health. [potion of mutation]
 76167 | Zot:2    | Gained mutation: You are agile. (Dex +4, Str/Int -1)
                  | [potion of mutation]
 76167 | Zot:2    | Gained mutation: Your muscles are strong. (Str +4, Int/Dex
                  | -1) [potion of mutation]
 76170 | Zot:2    | Killed an orb of fire
 76651 | Zot:5    | Entered Level 5 of the Realm of Zot
 76762 | Zot:5    | Reached XP level 27. HP: 237/238 MP: 33/33
 77806 | Zot:5    | Noticed an orb of fire
 77828 | Zot:5    | Noticed a Killer Klown
 77835 | Zot:5    | Killed a Killer Klown
 77838 | Zot:5    | Noticed an orb of fire
 77847 | Zot:5    | Noticed a Killer Klown
 77849 | Zot:5    | Lost mutation: Your muscles are strong. (Str +4, Int/Dex
                  | -1) [an orb of fire]
 77850 | Zot:5    | Killed an orb of fire
 77859 | Zot:5    | Killed a Killer Klown
 77962 | Zot:5    | Noticed a Killer Klown
 77963 | Zot:5    | Noticed an orb of fire
 77963 | Zot:5    | Gained mutation: Armour fits poorly on your strangely
                  | shaped body. [an orb of fire]
 77969 | Zot:5    | Gained mutation: You are strong-willed. (Will+) [an orb of
                  | fire]
 77978 | Zot:5    | Gained mutation: You are frail. (-10% HP) [an orb of fire]
 77983 | Zot:5    | Gained mutation: Your body sometimes deteriorates upon
                  | taking damage. [an orb of fire]
 77991 | Zot:5    | Gained mutation: Your body often deteriorates upon taking
                  | damage. [an orb of fire]
 77993 | Zot:5    | Lost mutation: You are strong-willed. (Will+) [an orb of
                  | fire]
 78001 | Zot:5    | Killed an orb of fire
 78002 | Zot:5    | Reached skill level 15 in Invocations
 78012 | Zot:5    | Killed a Killer Klown
 78014 | Zot:5    | Lost mutation: You are agile. (Dex +4, Str/Int -1) [potion
                  | of mutation]
 78014 | Zot:5    | Lost mutation: Armour fits poorly on your strangely shaped
                  | body. [potion of mutation]
 78014 | Zot:5    | Gained mutation: Your spells are a little easier to cast,
                  | but a little less powerful. [potion of mutation]
 78014 | Zot:5    | Gained mutation: You are strong-willed. (Will+) [potion of
                  | mutation]
 78014 | Zot:5    | Gained mutation: You passively dampen the noise of your
                  | surroundings. [potion of mutation]
 78015 | Zot:5    | Lost mutation: You are strong-willed. (Will+) [potion of
                  | mutation]
 78015 | Zot:5    | Lost mutation: Your spells are a little easier to cast, but
                  | a little less powerful. [potion of mutation]
 78015 | Zot:5    | Lost mutation: You passively dampen the noise of your
                  | surroundings. [potion of mutation]
 78015 | Zot:5    | Lost mutation: Your body often deteriorates upon taking
                  | damage. [potion of mutation]
 78015 | Zot:5    | Gained mutation: Your muscles are strong. (Str +4, Int/Dex
                  | -1) [potion of mutation]
 78016 | Zot:5    | Lost mutation: Your muscles are strong. (Str +4, Int/Dex
                  | -1) [potion of mutation]
 78016 | Zot:5    | Lost mutation: Your body sometimes deteriorates upon taking
                  | damage. [potion of mutation]
 78016 | Zot:5    | Lost mutation: You are frail. (-10% HP) [potion of
                  | mutation]
 78016 | Zot:5    | Gained mutation: Your flesh is cold resistant. (rC+)
                  | [potion of mutation]
 78016 | Zot:5    | Gained mutation: Your spells are a little harder to cast,
                  | but a little more powerful. [potion of mutation]
 78016 | Zot:5    | Gained mutation: You are strong-willed. (Will+) [potion of
                  | mutation]
 78016 | Zot:5    | Gained mutation: You are robust. (+10% HP) [potion of
                  | mutation]
 78283 | Zot:5    | Noticed an orb of fire
 78385 | Zot:5    | Lost mutation: Your spells are a little harder to cast, but
                  | a little more powerful. [an orb of fire]
 78391 | Zot:5    | Gained mutation: Potions are less effective at restoring
                  | your health. [an orb of fire]
 78393 | Zot:5    | Gained mutation: You occasionally shout uncontrollably at
                  | your foes. [an orb of fire]
 78396 | Zot:5    | Noticed a Killer Klown
 78399 | Zot:5    | Got the Orb of Zot
 78400 | Zot:5    | now what
 78400 | Zot:5    | Noticed a dread lich
 78421 | Zot:5    | Gained mutation: You are weak. (Str -2) [an orb of fire]
 78422 | Zot:5    | Noticed Zeqaurhe the pandemonium lord
 78427 | Zot:5    | Gained mutation: Your magical capacity is low. (-10% MP)
                  | [an orb of fire]
 78428 | Zot:5    | HP: 10/202 [orb of fire/fireball (11)]
 78429 | Zot:5    | HP: 2/194 [orb of fire/bolt of fire (9)]
 78430 | Zot:5    | Killed from afar by a Killer Klown

Illustrated notes

#....#..#....P..........#........
.....#...............P...........
..#............P..P..............
.8#....##...........[............
..###.####.........P.............
..# ####...P..P.....(............
..# ##..#.........<........>...
..# ##...##.....[...............
8.# #..##.)....@..^..)..........
⌠.# #......#........##..........
..# ###....#....................
### #.)####...................
##.# #.............)).... ###
##?####.....##)#.... ###
#.......<##... ##...#...##..#
##########...


Turn 24294 on D:11: finally ♣.♣ ♣♣.♣ ♣.w♣ .~~♣♣ .~~♣ ~~♣.. ~..♣♣...♣ ♣...♣..♣
♣......♣ ♣>h~~h♣ ♣.@~.@♣ ♣♣.~.♣♣ ♣♣h.♣ ..♣ ~.♣ .♣♣ .♣ .♣ Turn 42493 on Swamp:1:
hi ♣♣ ♣. .♣ ♣. ♣.♣ ♣♣.♣ ♣.~♣♣ .~~♣♣ ♣.w~♣♣ §~♣.. ♣~@.♣♣...♣ ♣♣...♣..♣ ♣......♣
♣♣>h~~.♣ ♣.
